 Dungeon Crawl Stone Soup version 0.18.1-6-gd335043 (webtiles) character file.

109 Jojapa the Magician (level 4, 0/24 HPs)
             Began as a Deep Elf Wizard on May 19, 2016.
             Slain by a phantom (8 damage)
             ... on level 4 of the Dungeon.
             The game lasted 00:04:29 (2398 turns).

Jojapa the Magician (Deep Elf Wizard)               Turns: 2398, Time: 00:04:30

Health: 0/24       AC:  2    Str:  4    XL:     4   Next: 59%
Magic:  3/13       EV: 12    Int: 24    God:
Gold:   69         SH:  0    Dex: 13    Spells: 5 memorised, 2 levels left

rFire  . . .     SeeInvis .     (no weapon)
rCold  . . .     Gourm    .     a - +0 robe
rNeg   . . .     Faith    .     (no shield)
rPois  .         Spirit   .     b - +0 hat
rElec  .         Dismiss  .     (no cloak)
rCorr  .         Reflect  .     (no gloves)
SustAt .         Harm     .     (no boots)
MR     .....                    (no amulet)
Stlth  ++........               (no ring)
                                (no ring)

@: not resistant to hostile enchantments, unstealthy
A: no striking features
a: no special abilities


You were on level 4 of the Dungeon.
You were not hungry.

You visited 1 branch of the dungeon, and saw 3 of its levels.

You collected 69 gold pieces.

Inventory:

Armour
 a - a +0 robe (worn)
 b - a +0 hat (worn)
Scrolls
 e - 2 scrolls of teleportation {unknown}
 f - a scroll of amnesia {unknown}
 h - 2 scrolls of fog {unknown}
 i - a scroll of noise {unknown}
 j - a scroll of recharging {unknown}
 k - a scroll of random uselessness {unknown}
 l - a scroll of enchant weapon {unknown}
 o - a scroll of immolation {unknown}
 p - 2 scrolls of identify {unknown}
Books
 c - a book of Minor Magic

   Spells                             Type                      Level
   a - Magic Dart                     Conjuration                  1
   b - Blink                          Translocation                2
   c - Call Imp                       Summoning                    2
   d - Repel Missiles                 Charms/Air                   2
   e - Slow                           Hexes                        2
   f - Conjure Flame                  Conjuration/Fire             3
   g - Mephitic Cloud                 Conjuration/Poison/Air       3
Comestibles
 d - a bread ration
 g - 2 fruits
 n - a beef jerky
 q - a royal jelly


   Skills:
 - Level 2.4 Dodging
 - Level 2.4 Stealth
 + Level 5.4 Spellcasting
 * Level 4.1 Conjurations
   Level 1.1 Summonings
 - Level 1.1 Translocations


You had 2 spell levels left.
You knew the following spells:

 Your Spells              Type           Power        Failure   Level  Hunger
a - Magic Dart            Conj           ####         1%          1    None
b - Blink                 Tloc           N/A          12%         2    None
c - Repel Missiles        Chrm/Air       #.....       14%         2    None
d - Mephitic Cloud        Conj/Pois/Air  ##......     17%         3    #......
e - Conjure Flame         Conj/Fire      ###.....     14%         3    #......


Dungeon Overview and Level Annotations

Branches:
Dungeon (2/15)

Altars:

Annotations:
D:4 Dowan, Duvessa


Message History

Confirm with . or Enter, or press ? or * to list all spells.
Aiming: Magic Dart
Press: ? - help, Shift-Dir - straight line, f/p - adder
Aim: an adder (almost dead)
The magic dart hits the adder.
You kill the adder!
You feel sick.
Drink which item? (? for menu, Esc to quit)
It was a potion of curing.
You feel better.
The phantom blinks!
Your magical contamination has completely faded away.
Dowan gestures wildly while chanting.
Dowan blinks!
The phantom blinks!
The phantom hits you.
* * * LOW HITPOINT WARNING * * *
The phantom blinks!
The phantom hits you.
* * * LOW HITPOINT WARNING * * *
The phantom hits you!
You die...

#..#
....>...#
##.## ##..###
#.....###
#....J..##
#..##.....###
#...
#.......##
#..#
##..W....##
...#
##.@.....#
... #.......#
##......#
##....##
##.## ##


You could see a phantom and an ooze.

Vanquished Creatures
  A worker ant (D:4)
  3 adders
  An ooze (D:1)
  A worm (D:4)
  A dart slug (D:1)
  5 giant geckos (D:1)
  3 orcs (D:4)
  6 bats (D:1)
  A giant cockroach (D:1)
  4 goblins
  6 hobgoblins
  3 jackals (D:2)
  2 giant newts
  8 kobolds
  3 rats (D:1)
48 creatures vanquished.

Notes
Turn   | Place    | Note
--------------------------------------------------------------
     0 | D:1      | Jojapa the Deep Elf Wizard began the quest for the Orb.
     0 | D:1      | Reached XP level 1. HP: 10/10 MP: 7/7
   208 | D:1      | Reached XP level 2. HP: 15/15 MP: 5/9
   212 | D:1      | Learned a level 2 spell: Blink
   215 | D:1      | Learned a level 2 spell: Repel Missiles
   811 | D:1      | Reached XP level 3. HP: 19/19 MP: 7/11
  1357 | D:1      | Learned a level 3 spell: Mephitic Cloud
  1361 | D:1      | Learned a level 3 spell: Conjure Flame
  1392 | D:2      | Reached skill level 5 in Spellcasting
  1904 | D:2      | Reached XP level 4. HP: 24/24 MP: 10/13
  2136 | D:2      | You fall through a shaft for 2 floors!
  2356 | D:4      | Noticed Duvessa
  2358 | D:4      | Noticed Dowan
  2367 | D:4      | Noticed a phantom
  2398 | D:4      | Slain by a phantom

Skill      XL: |  1  2  3  4 |
---------------+-------------+-----
Conjurations   | 2 3 4 |  4.1
Spellcasting   | 5 |  5.4
Dodging        | |  2.4
Stealth        | |  2.4
Summonings     | |  1.1
Translocations | |  1.1

Action                   |  1- 3 |  4- 6 || total
-------------------------+-------+-------++-------
 Cast: Magic Dart        |    93 |    47 ||   140
       Conjure Flame     |       |     2 ||     2
       Mephitic Cloud    |       |     2 ||     2
  Use: Potion            |       |     1 ||     1
  Eat: Chunk             |     2 |     2 ||     4
Armor: Robe              |     1 |     2 ||     3
Dodge: Dodged            |     9 |    11 ||    20
